 Dungeon Crawl Stone Soup version 0.23.2-40-g277498a001 (webtiles) character file.

Game seed: 8973613058398205358

219 Descartes the Ruffian (level 5, -2/28 HPs)
             Began as a Vine Stalker Berserker on Sept 7, 2019.
             Was a Priest of Trog.
             Slain by Natasha (6 damage)
             ... on level 3 of the Dungeon.
             The game lasted 00:05:08 (2256 turns).

Descartes the Ruffian (Vine Stalker Berserker)      Turns: 2256, Time: 00:05:09

Health: -2/28      AC:  2    Str: 19    XL:     5   Next: 96%
Magic:  0/6        EV: 10    Int:  7    God:    Trog [***...]
Gold:   133        SH:  8    Dex: 15    Spells: 4/4 levels left

rFire    . . .     SeeInvis .     - Unarmed
rCold    . . .     Gourm    .   l - +0 shield
rNeg     . . .     Faith    .   r - +0 robe (curse)
rPois    .         Spirit   +   (no helmet)
rElec    .         Reflect  .   (no cloak)
rCorr    +         Harm     .   (no gloves)
MR       .....                  (no boots)
Stlth    ++........             (no amulet)
HPRegen  0.49/turn              e - ring of resist corrosion
MPRegen  0.10/turn              (no ring)

@: no status effects
A: fangs 2, regeneration 1, magic shield, antimagic bite, no potion heal 3, rot
immunity
a: Berserk, Trog's Hand, Renounce Religion


You were on level 3 of the Dungeon.
You worshipped Trog.
Trog was most pleased with you.
You were hungry.

You visited 1 branch of the dungeon, and saw 3 of its levels.

You collected 133 gold pieces.

Inventory:

Hand Weapons
 o - a +1 dagger of electrocution
Missiles
 d - 2 needles of sleeping
 n - 6 needles of paralysis
Armour
 l - a +0 shield (worn)
 r - a cursed +0 robe (worn)
Jewellery
 e - a ring of resist corrosion (left hand)
Scrolls
 a - a scroll of fog {unknown}
 c - a scroll of enchant weapon {unknown}
 g - 3 scrolls of remove curse
 h - a scroll of immolation {unknown}
 j - 2 scrolls of identify {unknown}
 m - 2 scrolls of enchant armour {unknown}
 s - a scroll of noise {unknown}
Potions
 f - a potion of agility
 i - a potion of lignification {unknown}
 k - a potion of degeneration {unknown}
 q - a potion of resistance {unknown}
Comestibles
 b - 2 rations
 p - 4 chunks of flesh


   Skills:
 + Level 3.2 Fighting
 * Level 2.4 Armour
 * Level 2.5 Dodging
 + Level 1.8 Stealth
 * Level 1.5 Shields
 * Level 4.1 Unarmed Combat


You had 4 spell levels left.
You didn't know any spells.
Your spell library was empty.

Dungeon Overview and Level Annotations

Branches:
Dungeon (3/15)

Altars:
Nemelex Xobeh
Uskayaw

Annotations:
D:3 1 runed translucent door, Crazy Yiuf, Natasha


Innate Abilities, Weirdness & Mutations

You have extremely sharp teeth.
Your natural rate of healing is unusually fast.
When hurt, damage is shared between your health and your magic reserves.
Your bite disrupts and absorbs the magic of your enemies.
Potions cannot restore your health.
You are immune to rotting.


Message History

You are too injured to fight recklessly!
You completely miss Natasha.
Natasha is moderately wounded.
You block Natasha's attack.
You barely miss Natasha.
Natasha is moderately wounded.
Natasha wildly gestures.
You feel disoriented. You block Natasha's attack.
Some of the chunks of flesh in your inventory have rotted away.
You barely miss Natasha. You bite Natasha.
Natasha's magic leaks into the air.
You drain her magic.
You feel invigorated.
Natasha is moderately wounded.
Natasha mumbles some strange words.
You closely miss Natasha. Your bite misses Natasha.
Natasha is moderately wounded.
Natasha claws you.
* * * LOW HITPOINT WARNING * * *
The shadow imp barely misses you. Natasha claws you!
You die...

#.##))###### #.##.).# ##..(##.#
#...(...#######.##.### #####..#
#.#####.##......##.# #.......
#.......##.#.#####.# #.....>.
####...........###.#######.......
#......##.......##.........#..
#......#....#.................
#......#.(.#_#..#.............
#......#....#@.)#.###.......#.
#........(..h.5.......##....#.
#.......#....##.##.##.##.#....
#######+##...(.#.#.##.##.##.#)#.#
.<.........###........##.##......
##########.#####...#####.######.#
#.............#.......###.#
#......###.................
#...)..# #......##.........


You could see Natasha and a shadow imp.

Vanquished Creatures
  An orc wizard (D:3)
  Jessica (D:2)
  Natasha (twice) (D:3)
  5 adders
  2 orcs (D:3)
  6 giant cockroaches
  6 goblins
  10 hobgoblins
  9 jackals
  11 kobolds
  A ball python (D:1)
  7 bats
  A frilled lizard (D:2)
  9 rats
71 creatures vanquished.

Notes
Turn   | Place    | Note
-------+----------+-------------------------------------------
     0 | D:1      | Descartes the Vine Stalker Berserker began the quest for
                  | the Orb.
     0 | D:1      | Reached XP level 1. HP: 11/11 MP: 2/2
   166 | D:1      | Reached XP level 2. HP: 7/16 MP: 3/3
   993 | D:2      | Reached XP level 3. HP: 10/20 MP: 2/4
  1171 | D:2      | Noticed Jessica
  1182 | D:2      | Killed Jessica
  1184 | D:2      | Gained mutation: Your natural rate of healing is unusually
                  | fast. [Vine Stalker growth]
  1184 | D:2      | Reached XP level 4. HP: 21/24 MP: 3/5
  1431 | D:2      | Reached skill level 1 in Stealth
  1452 | D:2      | Reached ** piety under Trog
  1485 | D:2      | Noticed a -3 dagger
  1485 | D:2      | Noticed a +0 dagger
  1489 | D:2      | Found a hide-covered altar of Uskayaw.
  1494 | D:2      | Reached skill level 1 in Shields
  1622 | D:3      | Noticed Natasha
  1634 | D:3      | Killed Natasha
  1634 | D:3      | Reached XP level 5. HP: 22/28 MP: 6/6
  1730 | D:3      | Noticed Natasha
  1739 | D:3      | Killed Natasha
  1739 | D:3      | Reached skill level 4 in Unarmed Combat
  1913 | D:3      | Found a faded altar of an unknown god.
  1986 | D:3      | Found a runed translucent door.
  1987 | D:3      | Noticed Crazy Yiuf
  2061 | D:3      | Reached *** piety under Trog
  2163 | D:3      | Found a sparkling altar of Nemelex Xobeh.
  2245 | D:3      | Noticed Natasha
  2256 | D:3      | Slain by Natasha

Skill      XL: |  1  2  3  4  5 |
---------------+----------------+-----
Fighting       | 3 |  3.2
Dodging        | 2 |  2.5
Stealth        | 1 |  1.8
Armour         | 2 |  2.4
Shields        | 1 |  1.5
Unarmed Combat | 4 |  4.1

Action                   |  1- 3 |  4- 6 || total
-------------------------+-------+-------++-------
Melee: Unarmed           |    76 |   151 ||   227
       Bite              |    15 |    45 ||    60
  Use: Scroll            |       |     1 ||     1
 Stab: Sleeping          |       |     2 ||     2
  Eat: Chunk             |       |     4 ||     4
Armor: Animal skin       |    18 |    19 ||    37
       Robe              |       |    10 ||    10
Dodge: Dodged            |    37 |    83 ||   120
Block: Shield            |    19 |    87 ||   106
